 Dungeon Crawl Stone Soup version 0.29.0-11-gd7f09526c8 (webtiles) character file.

Game seed: 1158563378650504584

93 awesomegowd the Covered (level 4, 0/40 HPs)
             Began as a Minotaur Fighter on Sept 2, 2022.
             Was a Follower of Trog.
             Slain by a gnoll
             ... wielding a +0 spear
              (7 damage)
             ... on level 3 of the Dungeon.
             The game lasted 00:11:05 (2025 turns).

awesomegowd the Covered (Minotaur Fighter)          Turns: 2025, Time: 00:11:06

Health: 0/40       AC:  8    Str: 23    XL:     4   Next: 37%
Magic:  3/3        EV:  9    Int:  5    God:    Trog [*.....]
Gold:   95         SH:  4    Dex:  9    Spells: 3/3 levels left

rFire   . . .      SeeInvis .   a - +0 war axe
rCold   . . .      Faith    .   c - +0 buckler
rNeg    . . .      Spirit   .   b - +0 scale mail
rPois   .          Reflect  .   (helmet restricted)
rElec   .          Harm     .   (no cloak)
rCorr   .          Rampage  .   (no gloves)
Will    .....                   f - +0 pair of boots
Stlth   ..........              (no amulet)
HPRegen 0.13/turn               (no ring)
MPRegen 0.08/turn               (no ring)

@: very slow
A: horns 2, retaliatory headbutt
a: Renounce Religion, Berserk


You were on level 3 of the Dungeon.
You worshipped Trog.
Trog was aware of your devotion.
You visited 1 branch of the dungeon, and saw 3 of its levels.

You collected 95 gold pieces.

Inventory:

Hand Weapons
 a - a +0 war axe (weapon)
 k - a +1 trident of distortion
Missiles
 h - 5 poisoned darts (quivered)
 j - 21 stones
 l - 4 datura-tipped darts
 n - a throwing net
Armour
 b - a +0 scale mail (worn)
 c - a +0 buckler (worn)
 f - a +0 pair of boots (worn)
Scrolls
 e - 2 scrolls of enchant weapon {unknown}
 m - a scroll of identify {unknown}
Potions
 d - a potion of might
 g - a potion of berserk rage {unknown}
 i - a potion of magic {unknown}
 o - a potion of curing {unknown}


   Skills:
 + Level 4.2 Fighting
 * Level 3.7 Axes
 * Level 0.6 Throwing
 * Level 4.5 Armour
 + Level 0.1 Dodging
 * Level 4.0 Shields
 - Level 0.1 Spellcasting


You had 3 spell levels left.
You didn't know any spells.
Your spell library was empty.

Dungeon Overview and Level Annotations

Branches:
Dungeon (3/15)

Altars:
Trog

Shops:
D:2 (:[


Innate Abilities, Weirdness & Mutations

You have a pair of horns on your head.
You reflexively headbutt those who attack you in melee.


Message History

You completely miss the kobold. The gnoll hits you but does no damage.
The gnoll splashes around in the water.
Your unstable footing causes you to fumble your attack.
The gnoll hits you but does no damage. The kobold closely misses you.
You furiously retaliate!
You headbutt the kobold!
You kill the kobold!
Trog accepts your kill.
You can now go berserk at will.
You hear a splash.
A kobold comes into view. It is wielding a +0 dagger.
The gnoll hits you but does no damage. The gnoll hits you with a +0 hand axe.
Your unstable footing causes you to fumble your attack.
The kobold shouts!
The gnoll hits you from afar with a +0 spear.
The kobold throws a stone.
The stone hits you but does no damage. The gnoll hits you but does no damage.
The gnoll barely misses you.
Your unstable footing causes you to fumble your attack.
The gnoll hits you with a +0 hand axe!
* * * LOW HITPOINT WARNING * * *
The gnoll hits you but does no damage.
Your unstable footing causes you to fumble your attack.
The gnoll barely misses you.
The gnoll hits you from afar with a +0 spear.
* * * LOW HITPOINT WARNING * * *
You block the gnoll's attack.
The kobold throws a stone.
The stone closely misses you.
You barely miss the gnoll.
The gnoll is lightly wounded.
The gnoll splashes around in the water.
The gnoll hits you but does no damage.
The kobold throws a stone.
The stone barely misses you.
You hit the gnoll but do no damage.
The gnoll is lightly wounded.
The gnoll hits you but does no damage. The gnoll hits you with a +0 hand axe.
* * * LOW HITPOINT WARNING * * *
The kobold throws a stone.
The stone closely misses you.
The gnoll splashes around in the water.
You barely miss the gnoll.
The gnoll is lightly wounded.
You block the gnoll's attack.
The gnoll hits you from afar with a +0 spear!
You die...

.............##
.~....)...~....
~..~....≈≈.K~.~
≈~~~~~~≈≈≈~≈≈P~
≈≈≈≈≈~~~≈≈≈≈≈≈≈
≈≈P~.~~≈g≈≈≈≈≈≈
..~...~)~~≈~≈≈≈
......g@~.~~~~~
###.#.)...~P.~≈
#.........~
###..###...
#.########........
#...<......######.
############


You could see 2 gnolls and a kobold.

Vanquished Creatures
  4 adders (D:2)
  A gnoll (D:3)
  A dart slug (D:2)
  6 ball pythons
  3 bats (D:1)
  5 endoplasms
  2 giant cockroaches
  6 hobgoblins
  6 kobolds
  4 quokkas
  A frilled lizard (D:1)
  3 goblins
  A rat (D:2)
43 creatures vanquished.

Vanquished Creatures (others)
  7 fungi (D:1)
  3 plants (D:1)
10 creatures vanquished.

Grand Total: 53 creatures vanquished

Notes
Turn   | Place    | Note
-------+----------+-------------------------------------------
     0 | D:1      | awesomegowd the Minotaur Fighter began the quest for the
                  | Orb.
     0 | D:1      | Reached XP level 1. HP: 19/19 MP: 0/0
    76 | D:1      | Reached XP level 2. HP: 14/27 MP: 1/1
   189 | D:1      | Upgraded the game from 0.29.0-10-g45618ea6d2 to
                  | 0.29.0-11-gd7f09526c8
   199 | D:1      | Found a faded altar of an unknown god.
  1152 | D:2      | Found Zaprom's Antique Armour Shoppe.
  1154 | D:2      | Found a bloodstained altar of Trog.
  1178 | D:2      | Became a worshipper of Trog the Wrathful
  1235 | D:2      | Found Puas's Book Shop.
  1276 | D:2      | Reached XP level 3. HP: 33/33 MP: 2/2
  1440 | D:2      | Found Aca Zam's Antique Weapon Boutique.
  1605 | D:2      | Reached XP level 4. HP: 35/40 MP: 3/3
  2019 | D:3      | Reached * piety under Trog
  2025 | D:3      | Slain by a gnoll

Illustrated notes

Levels and vault maps discovered:
D:1:      minmay_arrival_plants_in_alcoves, layout_basic,
          dreamdust_ecumenical_altar_hidden_monk_grotto,
          dreamdust_princess_corridor
D:2:      layout_basic, basic_altar, serial_shops, shop, shop, shop_statue
D:3:      layout_basic, vehumet_statue, chequers_big_river, minmay_crystal_water

Skill      XL: |  1  2  3 |
---------------+----------+-----
Armour         | 4 |  4.5
Fighting       | 4 |  4.2
Shields        | 4 |  4.0
Axes           | 3 |  3.7
Throwing       | |  0.6
Dodging        | |  0.1
Spellcasting   | |  0.1

Action                   |  1- 3 |  4- 6 || total
-------------------------+-------+-------++-------
Melee: War axe           |   102 |    27 ||   129
       Headbutt          |    18 |     2 ||    20
Armor: Scale mail        |    64 |    14 ||    78
Dodge: Dodged            |    51 |    13 ||    64
Block: Buckler           |    21 |     6 ||    27
